 Dungeon Crawl Stone Soup version 0.21.1-1-g345015f (webtiles) character file.

184 shitimlost the Sneak (level 5, -5/39 HPs)
             Began as a Vampire Assassin on Feb 11, 2018.
             Slain by a bullfrog (8 damage)
             ... in a sewer.
             The game lasted 00:11:31 (3393 turns).

shitimlost the Sneak (Vampire Assassin)             Turns: 3393, Time: 00:11:31

Health: -5/39      AC:  3    Str: 16    XL:     5   Next: 36%
Magic:  5/5        EV: 12    Int: 13    God:
Gold:   157        SH:  3    Dex: 16    Spells: 4/4 levels left

rFire    . . .     SeeInvis +   a - +3 dagger
rCold    . . .     Gourm    .   o - +0 buckler (curse)
rNeg     + . .     Faith    .   c - +0 robe
rPois    .         Spirit   .   (no helmet)
rElec    .         Reflect  .   d - +0 cloak
rCorr    .         Harm     .   (no gloves)
MR       .....                  (no boots)
Stlth    ++++......             (no amulet)
HPRegen  0.13/turn              (no ring)
MPRegen  0.09/turn              (no ring)

@: mighty
A: fangs 3, see invisible, unbreathing
a: Bat Form


You were in a sewer.
You were not thirsty.

You visited 1 branch of the dungeon, and saw 3 of its levels.
You also visited: Sewer.

You collected 157 gold pieces.

Inventory:

Hand Weapons
 a - a +3 dagger (weapon)
 b - a +0 blowgun
Missiles
 f - 2 curare-tipped needles {!f}
 i - 6 tomahawks
 j - 132 stones (quivered)
 r - 15 poisoned needles
 s - 15 sling bullets
Armour
 c - a +0 robe (worn)
 d - a +0 cloak (worn)
 h - a +0 ring mail
   (You found it on level 1 of the Dungeon)
 o - a cursed +0 buckler (worn)
   (You found it in a sewer)
Scrolls
 g - a scroll of blinking {unknown}
 k - a scroll of enchant weapon
 l - 3 scrolls of teleportation {@r4}
 m - 3 scrolls of fog {unknown}
 t - a scroll of enchant armour {unknown}
Potions
 e - a potion of degeneration {!q}
 n - a potion of lignification {unknown}
 p - a potion of might
 q - 27 potions of blood {@q0}
 u - a potion of haste {unknown}
 v - a potion of magic {unknown}


   Skills:
 + Level 2.7 Fighting
 + Level 3.3 Short Blades
 + Level 2.3 Throwing
 + Level 2.8 Dodging
 + Level 6.9 Stealth


You had 4 spell levels left.
You didn't know any spells.

Dungeon Overview and Level Annotations

Branches:
Dungeon (3/15)

Altars:

Annotations:
D:3 arcanemastermind's ghost, amateur DEFE


Innate Abilities, Weirdness & Mutations

You have razor-sharp teeth.
You have supernaturally acute eyesight. (SInv)
You can survive without breathing.


Message History

You miss the adder.
The ball python hisses angrily.
You hear an angry hiss.
You block the adder's attack.
You closely miss the adder. Your bite misses the adder.
You feel sick. The adder bites you but does no damage. The bullfrog hits you.
You turn into a vampire bat.
Your +3 dagger melds into your body.
Your +0 cloak melds into your body.
Your cursed +0 buckler melds into your body.
Your +0 robe melds into your body.
The bullfrog closely misses you. The adder barely misses you.
The bullfrog completely misses you.
A ball python comes into view.
The ball python moves out of view.
The adder closely misses you.
You feel sick. The bullfrog completely misses you.
You feel sick.
You feel sick. The bullfrog hits you!
You feel sick. The bullfrog closely misses you.
You feel sick.
You are no longer poisoned.
You see here a rat corpse.
The bullfrog hits you.
* * * LOW HITPOINT WARNING * * *
Okay, then.
Okay, then.
As you read the scroll of teleportation {@r4}, it crumbles to dust.
You feel strangely unstable. The adder closely misses you.
The bullfrog closely misses you.
You see here a ball python skeleton.
Your surroundings seem slightly different.
The bullfrog snags a nearby blue-tailed skink with its tongue.
Your transformation has ended.
Your +3 dagger unmelds from your body.
Your +0 cloak unmelds from your body.
Your cursed +0 buckler unmelds from your body.
Your +0 robe unmelds from your body.
The bullfrog swells and bulges.
The bullfrog hits you.
* * * LOW HITPOINT WARNING * * *
You barely miss the bullfrog. You bite the bullfrog. The bullfrog hits you!
* * * LOW HITPOINT WARNING * * *
It was a potion of might.
You feel very mighty all of a sudden.
The bullfrog releases a deep croak.
The bullfrog closely misses you.
You closely miss the bullfrog. The bullfrog hits you.
* * * LOW HITPOINT WARNING * * *
The bullfrog hits you but does no damage.
You puncture the bullfrog! The bullfrog hits you!
You die...

##### ####...####
###
####.........####
..##
##...@...........##
...#
#....F..###.......#
...## ##......##
##......## ....#
#......## ##......#
≈...# ##..≈.##
#.≈.≈.## ≈≈≈≈#
#≈≈≈≈≈≈# #≈≈≈≈≈≈#
≈≈≈≈# #≈≈≈≈≈≈#
#≈≈≈≈≈≈# ≈≈≈≈#
#≈≈≈≈≈≈# #≈≈≈≈≈≈#
≈≈≈≈# #≈≈≈≈≈≈#
#≈≈≈≈≈≈#


You could see a bullfrog.

Vanquished Creatures
  Ijyb (D:3)
  5 adders
  5 river rats
  2 oozes
  2 leopard geckos
  7 ball pythons
  A giant cockroach (D:2)
  5 hobgoblins
  4 jackals (D:2)
  6 kobolds
  4 bats
  2 frilled lizards (Sewer)
  2 goblins
  23 rats
69 creatures vanquished.

Notes
Turn   | Place    | Note
-------+----------+-------------------------------------------
     0 | D:1      | shitimlost the Vampire Assassin began the quest for the Orb.
     0 | D:1      | Reached XP level 1. HP: 16/16 MP: 1/1
   306 | D:1      | Reached skill level 6 in Stealth
   387 | D:1      | Reached XP level 2. HP: 22/22 MP: 2/2
  1505 | D:2      | Reached XP level 3. HP: 23/27 MP: 3/3
  2331 | D:3      | Noticed Ijyb
  2332 | D:3      | Killed Ijyb
  2332 | D:3      | Reached XP level 4. HP: 34/34 MP: 4/4
  2347 | D:3      | Found a glowing drain.
  2348 | D:3      | Noticed arcanemastermind's ghost (amateur DEFE)
  2405 | Sewer    | Entered a sewer
  2857 | Sewer    | Reached XP level 5. HP: 33/39 MP: 5/5
  3393 | Sewer    | Slain by a bullfrog

Skill      XL: |  1  2  3  4 |
---------------+-------------+-----
Stealth        | 6 |  6.9
Fighting       | 2 |  2.7
Throwing       | 2 |  2.3
Dodging        | 2 |  2.8
Short Blades   | 3 |  3.3

Action                   |  1- 3 |  4- 6 || total
-------------------------+-------+-------++-------
Melee: Dagger            |    96 |   126 ||   222
       Bite              |     9 |     9 ||    18
 Fire: Blowgun           |     4 |    17 ||    21
 Abil: End Transformatio |       |     2 ||     2
       Bat Form          |       |     2 ||     2
  Use: Potion            |     5 |     7 ||    12
       Scroll            |     5 |     1 ||     6
 Stab: Sleeping          |    11 |     1 ||    12
       Distracted        |       |     1 ||     1
Armor: Robe              |    13 |    20 ||    33
Dodge: Dodged            |    44 |    75 ||   119
Block: Buckler           |       |     7 ||     7
